| TOP OF THE 1ST |
|
Grand Junction Rockies batting - Pitching for Kingsport Mets : RHP Mark Johnson
|
|
Pitching: RHP Mark Johnson
|
|
|
Batting: SHB Rich McDonald
|
0-0: Foul Ball, location: 2F 0-1: SOLO HOME RUN (Flyball, 7D, EV 96.2 MPH), Distance : 373 ft
|
|
Batting: RHB Aaron Burnet
|
0-0: Called Strike 0-1: Called Strike 0-2: Strikes out looking
|
|
Batting: RHB Dan Hoffman
|
0-0: Foul Ball, location: 2F 0-1: Ground out 5-3 (Groundball, 25, EV 89.4 MPH)
|
|
Batting: LHB Tom Bemis
|
0-0: Ball 1-0: Ball 2-0: Ball 3-0: Called Strike 3-1: Foul Ball, location: 2F 3-2: Foul Ball, location: 2F 3-2: Base on Balls
|
|
Batting: LHB Georges Lambert
|
0-0: Called Strike 0-1: Ball 1-1: Ground out 4-3 (Groundball, 34, EV 105.0 MPH)
|
| Top of the 1st over - 1 run, 1 hit, 0 errors, 1 left on base; Grand Junction 1 - Kingsport 0 |
| BOTTOM OF THE 1ST |
|
Kingsport Mets batting - Pitching for Grand Junction Rockies : LHP Omar Samario
|
|
Pitching: LHP Omar Samario
|
|
|
Batting: RHB Craig Alvarado
|
0-0: Foul Ball, location: 2F 0-1: Ball 1-1: Ball 2-1: Ground out 6-3 (Groundball, 6, EV 78.8 MPH)
|
|
Batting: RHB Warren Carmichael
|
0-0: Foul Ball, location: 2F 0-1: Foul Ball, location: 2F 0-2: Ground out 4-3 (Groundball, 4, EV 85.0 MPH)
|
|
Batting: RHB Juan Medina
|
0-0: Ball 1-0: SOLO HOME RUN (Line Drive, 7D, EV 101.2 MPH), Distance : 383 ft
|
|
Batting: RHB Jim Freels
|
0-0: Ball 1-0: Foul Ball, location: 2F 1-1: Ball 2-1: Swinging Strike 2-2: Foul Ball, location: 2F 2-2: Foul Ball, location: 2F 2-2: Ball 3-2: Foul Ball, location: 2F 3-2: Foul Ball, location: 2F 3-2: Base on Balls
|
|
Batting: RHB Dan Muse
|
0-0: Swinging Strike 0-1: Foul Ball, location: 2F 0-2: Ball 1-2: Foul Ball, location: 2F 1-2: Ball Passed Ball! Jim Freels to second 2-2: Ground out 5-3 (Groundball, 56, EV 81.2 MPH)
|
| Bottom of the 1st over - 1 run, 1 hit, 0 errors, 1 left on base; Grand Junction 1 - Kingsport 1 |
| TOP OF THE 2ND |
|
Grand Junction Rockies batting - Pitching for Kingsport Mets : RHP Mark Johnson
|
|
Batting: SHB Joan Coucieiro
|
0-0: Ball 1-0: Called Strike 1-1: Called Strike 1-2: Ball 2-2: Ball 3-2: Foul Ball, location: 2F 3-2: SOLO HOME RUN (Flyball, 7D, EV 98.1 MPH), Distance : 371 ft
|
|
Batting: RHB Gashie Chimsima
|
0-0: Called Strike 0-1: Ball 1-1: Ball 2-1: Called Strike 2-2: Ball 3-2: Ground out 5-3 (Groundball, 56, EV 95.6 MPH)
|
|
Batting: SHB J.D. Newman
|
0-0: Ground out 6-3 (Groundball, 56D, EV 86.9 MPH)
|
|
Batting: RHB Tom Gentry
|
0-0: Ball 1-0: Called Strike 1-1: Swinging Strike 1-2: Ball 2-2: Fly out, F9 (Flyball, 9LMF, EV 103.8 MPH)
|
| Top of the 2nd over - 1 run, 1 hit, 0 errors, 0 left on base; Grand Junction 2 - Kingsport 1 |
| BOTTOM OF THE 2ND |
|
Kingsport Mets batting - Pitching for Grand Junction Rockies : LHP Omar Samario
|
|
Batting: RHB Coltin Nellis
|
0-0: Ground out 6-3 (Groundball, 6, EV 88.8 MPH)
|
|
Batting: RHB Chris Artz
|
0-0: Ball 1-0: Called Strike 1-1: Called Strike 1-2: Ball 2-2: Foul Ball, location: 2F 2-2: Foul Ball, location: 2F 2-2: Ball 3-2: SINGLE (Groundball, 4M, EV 108.8 MPH) (infield hit)
|
|
Batting: LHB Randolph Brodbeck
|
0-0: Ball 1-0: Called Strike 1-1: Foul Ball, location: 2F 1-2: Fly out, F2 (Popup, 25F, EV 93.8 MPH)
|
|
Batting: RHB Kyle Verkamp
|
0-0: Foul Ball, location: 2F 0-1: Ball 1-1: Ball 2-1: Foul Ball, location: 2F 2-2: Ball 3-2: Strikes out swinging
|
| Bottom of the 2nd over - 0 runs, 1 hit, 0 errors, 1 left on base; Grand Junction 2 - Kingsport 1 |
| TOP OF THE 3RD |
|
Grand Junction Rockies batting - Pitching for Kingsport Mets : RHP Mark Johnson
|
|
Batting: SHB Rich McDonald
|
0-0: Called Strike 0-1: Ground out U3 (Groundball, 23, EV 90.6 MPH)
|
|
Batting: RHB Aaron Burnet
|
0-0: Foul Ball, location: 2F 0-1: Ball 1-1: Swinging Strike 1-2: Ball 2-2: Ball 3-2: SINGLE (Groundball, 4M, EV 96.9 MPH) (infield hit)
|
|
Batting: RHB Dan Hoffman
|
0-0: Ball 1-0: Ball 2-0: Ball 3-0: Called Strike 3-1: Called Strike 3-2: Ground out 5-3 (Groundball, 56S, EV 85.6 MPH) Aaron Burnet to second
|
|
Batting: LHB Tom Bemis
|
0-0: Ball 1-0: Ball 2-0: Ball 3-0: Called Strike 3-1: Base on Balls
|
|
Batting: LHB Georges Lambert
|
0-0: Called Strike 0-1: Ball 1-1: Called Strike 1-2: Strikes out swinging
|
| Top of the 3rd over - 0 runs, 1 hit, 0 errors, 2 left on base; Grand Junction 2 - Kingsport 1 |
| BOTTOM OF THE 3RD |
|
Kingsport Mets batting - Pitching for Grand Junction Rockies : LHP Omar Samario
|
|
Batting: RHB Craig Alvarado
|
0-0: SINGLE (Line Drive, 78M, EV 98.8 MPH)
|
|
Batting: RHB Warren Carmichael
|
0-0: Ball 1-0: Ball 2-0: Called Strike 2-1: Called Strike Craig Alvarado is caught stealing 2nd base 2-4 2-2: Foul Ball, location: 2F 2-2: SINGLE (Groundball, 5S, EV 69.4 MPH) (infield hit)
|
|
Batting: RHB Juan Medina
|
0-0: Ball 1-0: Ball 2-0: Called Strike 2-1: Called Strike 2-2: Grounds into double play, 4-6-3 (Groundball, 4M, EV 106.9 MPH)
|
| Bottom of the 3rd over - 0 runs, 2 hits, 0 errors, 0 left on base; Grand Junction 2 - Kingsport 1 |
| TOP OF THE 4TH |
|
Grand Junction Rockies batting - Pitching for Kingsport Mets : RHP Mark Johnson
|
|
Batting: SHB Joan Coucieiro
|
0-0: Swinging Strike 0-1: Foul Ball, location: 2F 0-2: Ball 1-2: Ball 2-2: Strikes out looking
|
|
Batting: RHB Gashie Chimsima
|
0-0: Ball 1-0: Foul Ball, location: 2F 1-1: Ball 2-1: Foul Ball, location: 2F 2-2: Fly out, F8 (Flyball, 8LS, EV 87.5 MPH)
|
|
Batting: SHB J.D. Newman
|
0-0: Called Strike 0-1: Ball 1-1: Called Strike 1-2: Ball 2-2: Ball 3-2: TRIPLE (Groundball, 3L, EV 104.4 MPH)
|
|
Pitching: RHP Justin Vallis
|
|
|
Batting: RHB Tom Gentry
|
0-0: Called Strike 0-1: Foul Ball, location: 2F 0-2: Fly out, F3 (Popup, 23F, EV 74.4 MPH)
|
| Top of the 4th over - 0 runs, 1 hit, 0 errors, 1 left on base; Grand Junction 2 - Kingsport 1 |
| BOTTOM OF THE 4TH |
|
Kingsport Mets batting - Pitching for Grand Junction Rockies : LHP Omar Samario
|
|
Batting: RHB Jim Freels
|
0-0: Ball 1-0: Ball 2-0: SOLO HOME RUN (Flyball, 8LXD, EV 111.9 MPH), Distance : 446 ft
|
|
Batting: RHB Dan Muse
|
0-0: Ball 1-0: Ball 2-0: Ball 3-0: Base on Balls
|
|
Batting: RHB Coltin Nellis
|
0-0: Ball 1-0: Foul Ball, location: 2F 1-1: Foul Ball, location: 2F 1-2: Foul Ball, location: 2F 1-2: Fly out, F8 (Flyball, 8LD, EV 99.4 MPH)
|
|
Batting: RHB Chris Artz
|
0-0: Swinging Strike 0-1: DOUBLE (Flyball, 8RXD, EV 98.1 MPH) Dan Muse to third
|
|
Batting: LHB Randolph Brodbeck
|
0-0: Ground out 4-3 (Groundball, 4, EV 92.5 MPH) Dan Muse scores Chris Artz to third
|
|
Batting: RHB Kyle Verkamp
|
0-0: Ball 1-0: Ground out 5-3 (Groundball, 5, EV 103.1 MPH)
|
| Bottom of the 4th over - 2 runs, 2 hits, 0 errors, 1 left on base; Grand Junction 2 - Kingsport 3 |
| TOP OF THE 5TH |
|
Grand Junction Rockies batting - Pitching for Kingsport Mets : RHP Justin Vallis
|
|
Batting: SHB Rich McDonald
|
0-0: Ball 1-0: Ball 2-0: Ball 3-0: Called Strike 3-1: Called Strike 3-2: SINGLE (Groundball, 56D, EV 95.6 MPH)
|
|
Batting: RHB Aaron Burnet
|
0-0: Ball 1-0: Called Strike 1-1: Grounds into double play, 4-6-3 (Groundball, 4MS, EV 87.5 MPH)
|
|
Batting: RHB Dan Hoffman
|
0-0: Ball 1-0: Ground out 5-3 (Groundball, 5L, EV 93.1 MPH)
|
| Top of the 5th over - 0 runs, 1 hit, 0 errors, 0 left on base; Grand Junction 2 - Kingsport 3 |
| BOTTOM OF THE 5TH |
|
Kingsport Mets batting - Pitching for Grand Junction Rockies : LHP Omar Samario
|
|
Batting: RHB Craig Alvarado
|
0-0: Called Strike 0-1: Ball 1-1: DOUBLE (Flyball, 89D, EV 100.6 MPH)
|
|
Batting: RHB Warren Carmichael
|
0-0: Foul Ball, location: 2F 0-1: Ground out 4-3 (Groundball, 34, EV 103.1 MPH) Craig Alvarado to third
|
|
Batting: RHB Juan Medina
|
0-0: Called Strike 0-1: Ball 1-1: Called Strike 1-2: 2-RUN HOME RUN (Flyball, 78XD, EV 98.8 MPH), Distance : 400 ft
|
|
Batting: RHB Jim Freels
|
0-0: Swinging Strike 0-1: Ground out 5-3 (Groundball, 5, EV 76.9 MPH)
|
|
Batting: RHB Dan Muse
|
0-0: Ball 1-0: Ball 2-0: Ball 3-0: Called Strike 3-1: Base on Balls
|
|
Batting: RHB Coltin Nellis
|
0-0: Foul Ball, location: 2F 0-1: Ball 1-1: Ball 2-1: Foul Ball, location: 2F 2-2: Ball 3-2: Ground out 6-3 (Groundball, 6, EV 90.6 MPH)
|
| Bottom of the 5th over - 2 runs, 2 hits, 0 errors, 1 left on base; Grand Junction 2 - Kingsport 5 |
| TOP OF THE 6TH |
|
Grand Junction Rockies batting - Pitching for Kingsport Mets : RHP Justin Vallis
|
|
Batting: LHB Tom Bemis
|
0-0: Called Strike 0-1: Ball 1-1: Ball 2-1: Ball 3-1: Foul Ball, location: 2F 3-2: Base on Balls
|
|
Batting: LHB Georges Lambert
|
0-0: Ball 1-0: Swinging Strike 1-1: Ball 2-1: Called Strike 2-2: Strikes out swinging
|
|
Batting: SHB Joan Coucieiro
|
0-0: Grounds into double play, 4-6-3 (Groundball, 4M, EV 99.4 MPH)
|
| Top of the 6th over - 0 runs, 0 hits, 0 errors, 0 left on base; Grand Junction 2 - Kingsport 5 |
| BOTTOM OF THE 6TH |
|
Kingsport Mets batting - Pitching for Grand Junction Rockies : LHP Omar Samario
|
|
Pitching: RHP Ricardo Roman
|
|
|
Batting: RHB Chris Artz
|
0-0: Ball 1-0: Ball 2-0: Ball 3-0: Called Strike 3-1: Base on Balls
|
|
Batting: LHB Randolph Brodbeck
|
0-0: Called Strike 0-1: Called Strike 0-2: Strikes out swinging
|
|
Batting: RHB Kyle Verkamp
|
0-0: Called Strike 0-1: SINGLE (Groundball, 34D, EV 108.1 MPH) Chris Artz to second Runner from 2nd tries for 3rd, SAFE, throw by RF made to third Kyle Verkamp to second
|
|
Batting: RHB Craig Alvarado
|
0-0: Ball 1-0: Fly out, F8 (Flyball, 78D, EV 90.6 MPH) Runner from 3rd tags up, SCORES, throw by CF
|
|
Batting: RHB Warren Carmichael
|
0-0: Ball 1-0: Ball 2-0: Ball 3-0: Called Strike 3-1: Foul Ball, location: 2F 3-2: Base on Balls
|
|
Batting: RHB Juan Medina
|
0-0: Ball 1-0: Fly out, F7 (Flyball, 7S, EV 85.6 MPH)
|
| Bottom of the 6th over - 1 run, 1 hit, 0 errors, 2 left on base; Grand Junction 2 - Kingsport 6 |
| TOP OF THE 7TH |
|
Grand Junction Rockies batting - Pitching for Kingsport Mets : RHP Justin Vallis
|
|
Batting: RHB Gashie Chimsima
|
0-0: Foul Ball, location: 2F 0-1: Foul Ball, location: 2F 0-2: Ball 1-2: Ball 2-2: Ground out 5-3 (Groundball, 56S, EV 64.4 MPH)
|
|
Batting: SHB J.D. Newman
|
0-0: Foul Ball, location: 2F 0-1: Ball 1-1: Ball 2-1: Ball 3-1: Base on Balls
|
|
Pitching: RHP Mike Whitaker
|
|
|
Batting: RHB Tom Gentry
|
0-0: Fielders Choice at 2nd, 4-6 (Groundball, 4M, EV 85.6 MPH)
|
|
Batting: SHB Rich McDonald
|
0-0: Ball 1-0: Ground out 4-3 (Groundball, 4, EV 87.5 MPH)
|
| Top of the 7th over - 0 runs, 0 hits, 0 errors, 1 left on base; Grand Junction 2 - Kingsport 6 |
| BOTTOM OF THE 7TH |
|
Kingsport Mets batting - Pitching for Grand Junction Rockies : RHP Ricardo Roman
|
|
Batting: RHB Jim Freels
|
0-0: Ground out 6-3 (Groundball, 6MD, EV 101.2 MPH)
|
|
Batting: RHB Dan Muse
|
0-0: Ball 1-0: Ball 2-0: Ball 3-0: Base on Balls
|
|
Batting: RHB Coltin Nellis
|
0-0: Ball 1-0: Ball 2-0: Ball 3-0: Called Strike 3-1: Base on Balls Dan Muse to second
|
|
Pitching: RHP Alex Covarrubias
|
|
|
Batting: RHB Chris Artz
|
0-0: DOUBLE (Line Drive, 5D, EV 103.8 MPH) Dan Muse scores Coltin Nellis to third Runner from 3rd tries for Home, throw by LF and OUT! 7-6-2 Runner from 2nd tries for 3rd, throw by C and OUT! 2-6-5 Double Play!
|
| Bottom of the 7th over - 1 run, 1 hit, 0 errors, 0 left on base; Grand Junction 2 - Kingsport 7 |
| TOP OF THE 8TH |
|
Grand Junction Rockies batting - Pitching for Kingsport Mets : RHP Mike Whitaker
|
|
Batting: RHB Aaron Burnet
|
0-0: Called Strike 0-1: Ball 1-1: Ball 2-1: Ball 3-1: Ground out 5-3 (Groundball, 5, EV 76.2 MPH)
|
|
Batting: RHB Dan Hoffman
|
0-0: Ball 1-0: Ball 2-0: Foul Ball, location: 2F 2-1: Ball 3-1: Base on Balls
|
|
Batting: LHB Tom Bemis
|
0-0: Foul Ball, location: 2F 0-1: Ball 1-1: Ball 2-1: Ball 3-1: 2-RUN HOME RUN (Flyball, 89XD, EV 109.4 MPH), Distance : 446 ft
|
|
Batting: LHB Georges Lambert
|
0-0: Foul Ball, location: 2F 0-1: SINGLE (Groundball, 5D, EV 108.1 MPH)
|
|
Batting: SHB Joan Coucieiro
|
0-0: Ball 1-0: Fielders Choice at 2nd, 4-6 (Groundball, 4M, EV 102.5 MPH)
|
|
Batting: RHB Gashie Chimsima
|
0-0: Called Strike 0-1: Swinging Strike 0-2: Strikes out swinging
|
| Top of the 8th over - 2 runs, 2 hits, 0 errors, 1 left on base; Grand Junction 4 - Kingsport 7 |
| BOTTOM OF THE 8TH |
|
Kingsport Mets batting - Pitching for Grand Junction Rockies : RHP Alex Covarrubias
|
|
Batting: LHB Randolph Brodbeck
|
0-0: Ball 1-0: Ball 2-0: Called Strike 2-1: Ball 3-1: Foul Ball, location: 2F 3-2: Base on Balls
|
|
Batting: RHB Kyle Verkamp
|
0-0: Ball Randolph Brodbeck is caught stealing 2nd base 2-4 1-0: Ball 2-0: Ball 3-0: Called Strike 3-1: Called Strike 3-2: Base on Balls
|
|
Batting: RHB Craig Alvarado
|
0-0: Ground out 1-3 (Groundball, P, EV 63.8 MPH) Kyle Verkamp to second
|
|
Batting: RHB Warren Carmichael
|
0-0: Ground out 4-3 (Groundball, 4, EV 86.2 MPH)
|
| Bottom of the 8th over - 0 runs, 0 hits, 0 errors, 1 left on base; Grand Junction 4 - Kingsport 7 |
| TOP OF THE 9TH |
|
Grand Junction Rockies batting - Pitching for Kingsport Mets : RHP Mike Whitaker
|
|
Pitching: RHP Emanuel Anochondo
|
|
|
Batting: SHB J.D. Newman
|
0-0: Called Strike 0-1: Called Strike 0-2: Ball 1-2: Foul Ball, location: 2F 1-2: Ball 2-2: Strikes out swinging
|
|
Pinch Hitting: RHB Wei-fang Ping
|
0-0: Called Strike 0-1: Foul Ball, location: 2F 0-2: Ball 1-2: Foul Ball, location: 2F 1-2: Strikes out swinging
|
|
Batting: SHB Rich McDonald
|
0-0: Ball 1-0: Ball 2-0: Ball 3-0: Base on Balls
|
|
Batting: RHB Aaron Burnet
|
0-0: Ball 1-0: Swinging Strike 1-1: Foul Ball, location: 2F 1-2: Foul Ball, location: 2F 1-2: Fielders Choice at 2nd, U6 (Groundball, 6M, EV 103.8 MPH)
|
| Top of the 9th over - 0 runs, 0 hits, 0 errors, 1 left on base; Grand Junction 4 - Kingsport 7 |
|